 Dungeon Crawl Stone Soup version 0.27.0-1-g7a089689b8 (webtiles) character file.

Game seed: 4366181232275124759

4937 Sabo the Cleaver (level 10, 0/77 HPs)
             Began as a Human Berserker on Aug 2, 2021.
             Was a High Priest of Trog.
             Slain by a centaur simulacrum (6 damage)
             ... on level 9 of the Dungeon.
             The game lasted 00:53:41 (12581 turns).

Sabo the Cleaver (Human Berserker)                 Turns: 12581, Time: 00:53:41

Health: 0/77       AC: 18    Str: 28    XL:     10   Next: 81%
Magic:  0/10       EV:  9    Int:  7    God:    Trog [*****.]
Gold:   648        SH:  7    Dex: 14    Spells: 9/9 levels left

rFire    . . .     SeeInvis .   y - +0 war axe
rCold    . . .     Faith    .   n - +2 buckler
rNeg     . . .     Spirit   +   e - +0 plate armour
rPois    +         Reflect  .   (no helmet)
rElec    .         Harm     .   m - +2 cloak {rPois}
rCorr    .         Rampage  .   i - +0 pair of gloves
Will     .....     Rnd*Rage +   (no boots)
Stlth    ..........             r - amulet of guardian spirit
HPRegen  0.22/turn              h - +6 ring of strength
MPRegen  0.12/turn              (no ring)

@: on berserk cooldown, slowed, very slow
A: berserk 1, strong 1, no potion heal 1
a: Renounce Religion, Berserk, Trog's Hand, Brothers in Arms


You were on level 9 of the Dungeon.
You worshipped Trog.
Trog was extremely pleased with you.
You visited 1 branch of the dungeon, and saw 9 of its levels.
You also visited: Ossuary.

You collected 648 gold pieces.

Inventory:

Hand Weapons
 g - a +1 short sword of draining
 p - a +0 hunting sling
 x - a +1 dagger of venom
 y - a +0 war axe (weapon)
 A - a +0 shortbow
 G - a +0 hand crossbow
 H - a +1 vorpal trident
 I - a +2 scimitar of holy wrath
Missiles
 c - 6 javelins (quivered)
 d - 47 bolts
 s - 64 sling bullets
 v - 29 poisoned darts
 C - 119 arrows
 D - a curare-tipped dart
 E - 5 boomerangs of dispersal
Armour
 e - a +0 plate armour (worn)
 i - a +0 pair of gloves (worn)
 m - a +2 cloak of poison resistance (worn)
 n - a +2 buckler (worn)
Jewellery
 h - a +6 ring of strength (left hand)
 r - an amulet of guardian spirit (around neck)
Wands
 F - a wand of polymorph (11)
Scrolls
 a - a scroll of magic mapping
 b - a scroll of fear
 f - 6 scrolls of teleportation
 t - a scroll of blinking
 u - a scroll of fog
 z - a scroll of enchant weapon
Potions
 j - a potion of might
 k - a potion of heal wounds
 o - 2 potions of brilliance {unknown}
 q - 2 potions of flight {unknown}
 w - a potion of curing {unknown}
 B - a potion of haste {unknown}


   Skills:
 + Level 6.4 Fighting
 + Level 10.6 Axes
 + Level 7.5 Armour
 + Level 3.9 Dodging
 + Level 1.4 Stealth
 + Level 5.1 Shields


You had 9 spell levels left.
You didn't know any spells.
Your spell library was empty.

Dungeon Overview and Level Annotations

Branches:
Dungeon (9/15)             Temple (0/1) D:6         Ossuary (visited)
   Lair: D:8-11         Orc: D:9-12

Altars:
Gozag
Nemelex Xobeh
Okawaru
Ru
Sif Muna
Trog
Vehumet
Wu Jian
The Shining One

Shops:
D:1 (


Innate Abilities, Weirdness & Mutations

You tend to lose your temper in combat.
Your muscles are strong. (Str +2)
Potions are less effective at restoring your health.


Message History

The white imp gestures at you.
The puff of frost hits you but does no damage.
You slash the ice beast!
You kill the ice beast!
Trog accepts your kill.
You hit the white imp.
You kill the white imp!
Trog accepts your kill.
You slash the white imp!
You kill the white imp!
Trog accepts your kill.
You hit the ice beast.
The ice beast is lightly wounded.
The ice beast barely misses you.
You slash the ice beast!
The ice beast is heavily wounded.
You block the ice beast's attack. x2
You slash the ice beast!
The ice beast is almost dead.
The ice beast closely misses you.
You closely miss the ice beast.
The ice beast is almost dead.
The ice beast barely misses you. You block the ice beast's attack.
You closely miss the ice beast.
The ice beast is almost dead.
The ice beast hits you.
* * * LOW HITPOINT WARNING * * *
The ice beast freezes you.
* * * LOW HITPOINT WARNING * * *
You slash the ice beast!
You kill the ice beast!
Trog accepts your kill.
You block the centaur simulacrum's attack.
The centaur simulacrum closely misses you.
You slash the centaur simulacrum!
The centaur simulacrum is almost destroyed.
The centaur simulacrum hits you.
* * * LOW HITPOINT WARNING * * *
The centaur simulacrum freezes you!
You die...

#...#........# #...
#...#....<...# #...
'...#........# #...
#####........# ####### ###...
###....######## #.....# ##.####
..#....'......## #.....# #...#..
..#....#.......###.....# #...#..
..#....#...............#####..##.
..'....#'..###''@###..#....#..##.
..#....#..##.....Z.##............
###......##.........#............
.........#..........##.###....##.
........##../.####...#..########'
>.......#...### ##..##........#.
........#..##.$... #..#........#.
........#..#...=.. ..#........#.
#####..##5.#..... #.#..##.###


You could see a centaur simulacrum.

Vanquished Creatures
  The ghost of Leeroy the Carver, a journeyman DsGl of Makhleb (D:9)
  A hornet (D:8)
  A shadow (D:9)
  The ghost of Almightybob the Skirmisher, an amateur DsCK of Xom (D:3)
  A water moccasin (D:8)
  2 acid dragons (D:6)
  4 ice beasts (D:9)
  A sky beast (D:7)
  5 orc warriors
  4 necrophages
  2 ogres
  3 centaurs
  2 kobold brigands (D:8)
  A wyvern zombie (D:8)
  2 bullfrogs (D:7)
  A gnoll sergeant (D:9)
  A wyvern skeleton (D:6)
  5 killer bees (D:9)
  3 howler monkeys (D:9)
  3 centaur zombies
  A centaur skeleton (D:6)
  A hound (D:5)
  A jelly (D:7)
  3 orc priests
  A bullfrog skeleton (D:4)
  2 iguanas (D:4)
  8 orc wizards
  A centaur simulacrum (D:9)
  A hound skeleton (D:4)
  3 mummies (Ossuary)
  3 howler monkey zombies
  10 adders
  11 gnolls
  2 white imps (D:9)
  An ufetubus (D:6)
  An adder zombie (Ossuary)
  An adder skeleton (D:3)
  2 worms
  A dart slug (D:3)
  27 orcs
  2 bats
  7 endoplasms
  14 goblins
  3 hobgoblins
  10 jackals
  10 quokkas
  8 ball pythons
  5 frilled lizards
  A gnoll zombie (Ossuary)
  3 goblin zombies (Ossuary)
  A hobgoblin zombie (Ossuary)
  16 kobolds
  2 kobold zombies (Ossuary)
  6 quokka zombies (Ossuary)
  6 rats
  4 rat zombies (Ossuary)
223 creatures vanquished.

Notes
Turn   | Place    | Note
-------+----------+-------------------------------------------
     0 | D:1      | Sabo the Human Berserker began the quest for the Orb.
     0 | D:1      | Reached XP level 1. HP: 18/18 MP: 1/1
   241 | D:1      | Reached XP level 2. HP: 11/24 MP: 2/2
   411 | D:1      | Found a faded altar of an unknown god.
   793 | D:1      | Found Gato's Weapon Emporium.
   920 | D:1      | Reached XP level 3. HP: 22/29 MP: 3/3
  1392 | D:2      | Reached ** piety under Trog
  1408 | D:2      | Reached XP level 4. HP: 29/37 MP: 4/4
  2256 | D:3      | Reached skill level 4 in Axes
  2342 | D:3      | Reached XP level 5. HP: 42/42 MP: 5/5
  2821 | D:3      | Reached *** piety under Trog
  2866 | D:3      | Found a runed translucent gate.
  2867 | D:3      | Found a runed translucent gate.
  2868 | D:3      | Found a runed translucent gate.
  2869 | D:3      | Found an opulent altar of Gozag.
  2879 | D:3      | Noticed Almightybob's ghost (amateur DsCK)
  3155 | D:3      | Killed Almightybob's ghost
  3156 | D:3      | Reached skill level 1 in Shields
  3156 | D:3      | Reached XP level 6. HP: 23/48 MP: 6/6
  3436 | D:4      | Found a sacrificial altar of Ru.
  3858 | D:4      | Found a glowing golden altar of the Shining One.
  4347 | D:4      | Noticed a necrophage
  4371 | D:4      | Killed a necrophage
  4372 | D:4      | Reached skill level 5 in Axes
  4372 | D:4      | Reached XP level 7. HP: 17/54 MP: 2/7
  5038 | D:5      | Entered Level 5 of the Dungeon
  5324 | D:5      | Identified the +3 leather armour of Sapli {Harm rC+ Will++
                  | Str-4}
  5952 | D:5      | Found a bloodstained altar of Trog.
  5952 | D:5      | Found an ornate altar of the Wu Jian Council.
  5952 | D:5      | Found a radiant altar of Vehumet.
  6035 | D:5      | Reached skill level 6 in Axes
  6035 | D:5      | Reached XP level 8. HP: 61/61 MP: 8/8
  6324 | D:6      | Found a sand-covered staircase.
  6336 | Ossuary  | Entered an ossuary
  6446 | Ossuary  | Reached **** piety under Trog
  6587 | D:6      | Found a staircase to the Ecumenical Temple.
  6749 | D:6      | Reached skill level 7 in Axes
  7539 | D:6      | Reached skill level 5 in Fighting
  7539 | D:6      | Reached skill level 5 in Armour
  7539 | D:6      | Reached XP level 9. HP: 46/68 MP: 5/9
  7875 | D:7      | Found an iron altar of Okawaru.
  7932 | D:7      | Reached skill level 8 in Axes
  8057 | D:7      | Found a sparkling altar of Nemelex Xobeh.
  8075 | D:7      | Reached ***** piety under Trog
  8295 | D:7      | Reached skill level 1 in Stealth
  9164 | D:7      | Gained mutation: You are frail. (-10% HP) [potion of
                  | mutation]
  9164 | D:7      | Gained mutation: You are strong-willed. (Will+) [potion of
                  | mutation]
  9165 | D:7      | Lost mutation: You are frail. (-10% HP) [potion of
                  | mutation]
  9165 | D:7      | Lost mutation: You are strong-willed. (Will+) [potion of
                  | mutation]
  9165 | D:7      | Gained mutation: You tend to lose your temper in combat.
                  | [potion of mutation]
  9165 | D:7      | Gained mutation: Your muscles are strong. (Str +2) [potion
                  | of mutation]
  9165 | D:7      | Gained mutation: Potions are less effective at restoring
                  | your health. [potion of mutation]
  9260 | D:8      | Reached skill level 9 in Axes
  9436 | D:8      | Noticed a hornet
  9453 | D:8      | Paralysed by a hornet for 1 turns
  9456 | D:8      | Killed a hornet
  9457 | D:8      | Reached XP level 10. HP: 69/76 MP: 5/10
 10452 | D:9      | Noticed Leeroy's ghost (journeyman DsGl)
 10513 | D:9      | HP: 5/114 [poisoned by a killer bee]
 11192 | D:9      | Reached skill level 10 in Axes
 11659 | D:9      | Found a runed translucent gate.
 11659 | D:9      | Found a runed translucent gate.
 11659 | D:9      | Found a runed translucent gate.
 11743 | D:9      | Found a shimmering blue altar of Sif Muna.
 12046 | D:9      | Noticed a six-headed hydra
 12564 | D:9      | Killed Leeroy's ghost
 12565 | D:9      | Reached skill level 5 in Shields
 12581 | D:9      | Slain by a centaur simulacrum

Illustrated notes

Levels and vault maps discovered:
D:1:      psy_arrival_statuary, layout_loops_ring,
          hellmonk_ecumenical_altar_pennies_from_heaven, serial_shops, shop
D:2:      layout_rooms
D:3:      minmay_wonky_spiral, layout_basic, ebering_ghost_gozag
D:4:      cheibrodos_helix_gallery, layout_layer_cave, kennysheep_mini,
          nicolae_ru_sacrificial_ziggurat
D:5:      layout_gridville, grunt_temple_overflow_open
D:6:      layout_gridville, minmay_temple_entry_gardened_gates, enter_ossuary_3,
          st_stairs_9
D:7:      layout_loops_ring, kennysheep_okawaru_gauntlet,
          mainiacjoe_overflow_alcove_1
D:8:      layout_basic
D:9:      layout_gridville, nicolae_sif_muna_condensation, gammafunk_ghost_icy,
          minmay_misc_feat_rows

Skill      XL: |  1  2  3  4  5  6  7  8  9 10 |
---------------+-------------------------------+-----
Axes           | 4 5 6 7 9 10 | 10.6
Armour         | 3 4 5 6 7 |  7.5
Fighting       | 4 5 6 |  6.4
Shields        | 1 2 3 5 |  5.1
Dodging        | 3 |  3.9
Stealth        | 1 |  1.4

Action                   |  1- 3 |  4- 6 |  7- 9 | 10-12 || total
-------------------------+-------+-------+-------+-------++-------
Melee: Hand axe          |    72 |   236 |    70 |       ||   378
       War axe           |       |       |   266 |   150 ||   416
 Fire: Hunting sling     |       |       |     3 |       ||     3
Invok: Berserk           |     1 |     3 |     3 |     3 ||    10
  Use: Scroll            |       |       |    13 |     2 ||    15
       Potion            |       |       |     3 |     1 ||     4
Armor: Animal skin       |     8 |       |       |       ||     8
       Scale mail        |    16 |    87 |    41 |       ||   144
       Chain mail        |       |       |    71 |       ||    71
       Plate armour      |       |       |    63 |    84 ||   147
Dodge: Dodged            |    35 |   131 |   159 |    71 ||   396
Block: Buckler           |       |    42 |   106 |    62 ||   210
